 Dungeon Crawl Stone Soup version 0.23.1 (webtiles) character file.

Game seed: 0

533 night the Martial Artist (level 7, 0/52 HPs)
             Began as a Human Monk on Mar 1, 2019.
             Was an Initiate of Gozag.
             Slain by an orc wizard
             ... wielding a +0 dagger
              (1 damage)
             ... on level 5 of the Dungeon.
             The game lasted 00:11:15 (4340 turns).

night the Martial Artist (Human Monk)               Turns: 4340, Time: 00:11:17

Health: 0/52       AC:  6    Str: 17    XL:     7   Next: 49%
Magic:  7/7        EV: 13    Int: 17    God:    Gozag
Gold:   326        SH:  8    Dex: 20    Spells: 6/6 levels left

rFire    . . .     SeeInvis .     - Unarmed
rCold    . . .     Gourm    .   n - +0 shield
rNeg     . . .     Faith    .   p - +0 scale mail
rPois    .         Spirit   .   (no helmet)
rElec    .         Reflect  .   (no cloak)
rCorr    .         Harm     .   (no gloves)
MR       .....                  (no boots)
Stlth    ++........             (no amulet)
HPRegen  0.17/turn              h - +5 ring of strength
MPRegen  0.10/turn              (no ring)

@: brilliant, agile
A: no striking features
a: Potion Petition, Call Merchant, Bribe Branch, Renounce Religion


You were on level 5 of the Dungeon.
You worshipped Gozag.
Gozag was aware of your devotion.
You were not hungry.

You visited 1 branch of the dungeon, and saw 5 of its levels.

You collected 494 gold pieces.
You paid 168 gold pieces to Gozag.

Inventory:

Hand Weapons
 c - a +0 hunting sling of freezing
Missiles
 k - 91 stones (quivered)
 l - 37 sling bullets
 v - 5 tomahawks
Armour
 n - a +0 shield (worn)
 p - a +0 scale mail (worn)
Jewellery
 h - a +5 ring of strength (left hand)
 q - a cursed ring of attention
Wands
 t - a wand of random effects (18)
Scrolls
 e - 2 scrolls of identify
 g - a scroll of amnesia
 o - a scroll of remove curse
Potions
 a - a potion of curing {unknown}
 f - a potion of heal wounds {unknown}
 m - a potion of degeneration {unknown}
 r - a potion of brilliance
 u - a potion of haste {unknown}
Comestibles
 b - 8 rations


   Skills:
 - Level 3.0 Fighting
 - Level 3.0 Dodging
 - Level 2.0 Stealth
 + Level 8.1 Unarmed Combat


You had 6 spell levels left.
You didn't know any spells.
Your spell library was empty.

Dungeon Overview and Level Annotations

Branches:
Dungeon (5/15)
 Temple: D:4-7

Altars:
Gozag

Shops:
D:4 *

Annotations:
D:5 EtherCrawl's ghost, amateur DECj


Message History

You block the jackal's attack.
It was a potion of agility.
You feel agile all of a sudden.
The orc wizard hits you with a +0 dagger.
* * * LOW HITPOINT WARNING * * *
The jackal bites you but does no damage.
You block the orc wizard's attack. The adder bites you but does no damage.
You block the jackal's attack.
The orc wizard hits you but does no damage.
The jackal bites you.
* * * LOW HITPOINT WARNING * * *
The orc wizard hits you but does no damage.
It was a potion of magic.
Magic courses through your body. The jackal bites you.
* * * LOW HITPOINT WARNING * * *
The adder bites you but does no damage.
The orc wizard hits you but does no damage.
The orc wizard hits you with a +0 dagger.
You die...
Your body crumbles into a pile of gold.

**,****<,*,.#...#..#...##**,o....
*,,,**,,.#.#.....#g#....#*,......
*,,,**,,.#.......os#...####o.....
,,*,,*,#.##8.$[WZ8##.#...$......%
,***,#.*..#########..##..........
,* *,..##.....©.....##.%h#......#
** **...#.......##.###.oh......##
* *.......#...#ho.##.....#..##≈ *
**#......#.o@ohoooo#...#..#*≈
#......#..hS.##..[...#,$#**
#.........h..###.....##.#*≈
#............###........#*≈
##..###..................** ##**
#...................#
##...................
#...................
###.#.#......##.....


You could see 2 orc wizards, EtherCrawl's ghost, an adder (inner flame), 5 orcs
and 4 jackals.

Vanquished Creatures
  2 ogres (D:4)
  A scorpion (D:3)
  An orc priest (D:4)
  2 orc wizards
  An iguana (D:4)
  2 worker ants
  6 adders
  An ooze (D:3)
  5 worms
  2 dart slugs (D:2)
  3 leopard geckos
  6 orcs (D:4)
  7 giant cockroaches
  8 goblins
  10 hobgoblins
  5 jackals
  9 kobolds
  A ball python (D:5)
  9 bats
  2 frilled lizards
  9 rats
92 creatures vanquished.

Notes
Turn   | Place    | Note
-------+----------+-------------------------------------------
     0 | D:1      | night the Human Monk began the quest for the Orb.
     0 | D:1      | Reached XP level 1. HP: 18/18 MP: 1/1
   190 | D:1      | Reached XP level 2. HP: 16/24 MP: 2/2
   864 | D:2      | Reached skill level 4 in Unarmed Combat
   864 | D:2      | Reached XP level 3. HP: 29/29 MP: 3/3
  1417 | D:2      | Reached XP level 4. HP: 31/35 MP: 4/4
  1765 | D:2      | Reached skill level 5 in Unarmed Combat
  2153 | D:3      | Found a faded altar of an unknown god.
  2209 | D:3      | Became a worshipper of Gozag Ym Sagoz the Greedy
  2231 | D:3      | Reached XP level 5. HP: 33/41 MP: 5/5
  2659 | D:3      | Reached skill level 6 in Unarmed Combat
  3094 | D:4      | Reached XP level 6. HP: 44/47 MP: 6/6
  3111 | D:4      | HP: 1/47 [orc priest/+0 morningstar (3)]
  3182 | D:4      | Noticed an ogre
  3191 | D:4      | Killed an ogre
  3191 | D:4      | Reached skill level 7 in Unarmed Combat
  3729 | D:4      | Found Elah Aqa's General Store.
  3779 | D:4      | Reached XP level 7. HP: 43/52 MP: 7/7
  3950 | D:4      | HP: 1/52 [ogre/+0 giant club (29)]
  4259 | D:5      | Entered Level 5 of the Dungeon
  4294 | D:5      | Reached skill level 8 in Unarmed Combat
  4300 | D:5      | Noticed EtherCrawl's ghost (amateur DECj)
  4340 | D:5      | HP: 1/52 [jackal (2)]
  4340 | D:5      | Slain by an orc wizard

Skill      XL: |  1  2  3  4  5  6  7 |
---------------+----------------------+-----
Unarmed Combat | 4 5 6 7 8 |  8.1
Fighting       | |  3.0
Dodging        | |  3.0
Stealth        | |  2.0

Action                   |  1- 3 |  4- 6 |  7- 9 || total
-------------------------+-------+-------+-------++-------
Melee: Unarmed           |    93 |   248 |    37 ||   378
       Punch             |     3 |     1 |       ||     4
 Fire: Hunting sling     |       |     1 |       ||     1
Invok: Potion Petition   |       |     1 |     1 ||     2
Evoke: Wand              |       |       |     1 ||     1
  Use: Scroll            |     1 |       |     4 ||     5
       Potion            |       |       |     3 ||     3
 Stab: Sleeping          |     1 |       |       ||     1
  Eat: Chunk             |     2 |     3 |       ||     5
       Ration            |       |     1 |     1 ||     2
Armor: Robe              |    11 |    14 |       ||    25
       Scale mail        |       |    43 |    27 ||    70
Dodge: Dodged            |    43 |    76 |    17 ||   136
Block: Shield            |       |    39 |    24 ||    63
